AoeStats
← CC

Arena

504911238Analyzed
3v3 RM · 26d ago on Sep 7, 2026· 60m 14s· 6 players
Game mode
Random Map
Map size
Normal (6 player)
Population
200
Speed
Normal
Resources
Standard
Victory
Conquest
Starting age
Dark Age
Ending age
Imperial Age
RankedLock teamsTeams togetherTeam positionsShared explorationLock speedFull tech treeHidden civsTurbo modeCheats
Victory
Defeat
🇺🇸 Lithuanians · United States
879
+18
🇺🇸 Byzantines · United States
878
+18
🇦🇷 Wei · Argentina
831
+21
🇦🇷 Italians · Argentina
930
-19
🇦🇷 Persians · Argentina
928
-19
🇦🇷 Khmer · Argentina
926
-19
CC
11:08 Feudal Age
11:28 Loom
16:19 Castle Age
17:52 Double-Bit Axe
18:40 Horse Collar
20:26 Fletching
20:37 Padded Archer Armor
23:19 Crossbowman
26:13 Bodkin Arrow
26:33 Leather Archer Armor
26:11 Pikeman
28:17 Thumb Ring
30:32 Forging
30:23 Scale Mail Armor
30:46 Ballistics
33:43 Wheelbarrow
33:44 Elite Skirmisher
34:40 Squires
34:26 Arson
41:44 Imperial Age
41:44 Hand Cart
41:48 Heavy Plow
43:43 Chemistry
43:37 Bracer
47:21 Ring Archer Armor
47:28 Iron Casting
47:00 Scale Barding Armor
47:50 Conscription
48:54 Conscription
49:46 Bow Saw
49:39 Halberdier
51:02 Murder Holes
50:51 Treadmill Crane
51:03 Guard Tower
51:55 Tower Shields
53:48 Chain Mail Armor
RJP
8:11 Loom
10:53 Feudal Age
11:29 Double-Bit Axe
20:25 Castle Age
19:22 Scale Mail Armor
19:14 Fletching
19:41 Padded Archer Armor
19:52 Stone Mining
20:00 Gold Mining
21:33 Bow Saw
23:35 Fervor
22:50 Elite Skirmisher
24:32 Stone Shaft Mining
24:40 Pikeman
26:16 Squires
27:22 Husbandry
28:29 Horse Collar
31:40 Wheelbarrow
31:33 Scale Barding Armor
34:58 Hand Cart
38:19 Imperial Age
35:45 Arson
36:18 Chain Mail Armor
36:14 Forging
39:54 Gold Shaft Mining
38:43 Onager
39:00 Halberdier
44:53 Leather Archer Armor
44:33 Bodkin Arrow
45:09 Plate Mail Armor
45:15 Iron Casting
45:01 Chain Barding Armor
48:03 Caravan
50:25 Capped Ram
50:28 Light Cavalry
51:46 Plate Barding Armor
51:42 Ring Archer Armor
53:58 Bracer
54:34 Conscription
54:38 Siege Ram
57:39 Hoardings
Matimouts
7:16 Loom
9:55 Feudal Age
10:24 Double-Bit Axe
10:44 Horse Collar
17:41 Castle Age
15:35 Gold Mining
17:36 Forging
19:50 Bow Saw
20:51 Wheelbarrow
23:07 Hand Cart
24:18 Scale Barding Armor
24:17 Husbandry
28:58 Imperial Age
26:43 Town Watch
27:16 Bloodlines
30:05 Treadmill Crane
30:36 Masonry
30:48 Chain Barding Armor
31:04 Iron Casting
30:20 Fletching
30:31 Padded Archer Armor
30:51 Heavy Plow
32:10 Light Cavalry
34:18 Crop Rotation
35:11 Conscription
35:14 Town Patrol
36:21 Blast Furnace
36:48 Elite Tiger Cavalry
38:06 Hussar
45:21 Devotion
45:42 Sanctity
45:36 Bodkin Arrow
48:10 Ming Guang Armor
55:51 Hoardings
57:07 Chemistry
56:15 Bracer
56:31 Leather Archer Armor
56:16 Scale Mail Armor
59:07 Tuntian
60:08 Ballistics
60:00 Fortified Wall
59:46 Murder Holes
Sr. Claudio
9:56 Feudal Age
15:23 Castle Age
14:01 Double-Bit Axe
16:52 Horse Collar
20:29 Padded Archer Armor
20:20 Fletching
23:15 Stone Mining
23:15 Gold Mining
25:19 Fletching
25:44 Leather Archer Armor
28:26 Wheelbarrow
29:41 Bodkin Arrow
30:21 Bow Saw
30:13 Heavy Plow
34:39 Imperial Age
32:27 Hand Cart
32:12 Town Watch
33:08 Stone Shaft Mining
34:05 Bloodlines
33:18 Light Cavalry
36:47 Hoardings
38:29 Elite Genoese Crossbowman
40:51 Ballistics
41:40 Two-Man Saw
40:43 Bracer
41:13 Ring Archer Armor
42:33 Hussar
44:21 Pirotechnia
50:32 Forging
50:27 Scale Barding Armor
55:28 Chain Barding Armor
55:44 Iron Casting
57:00 Scale Mail Armor
StuartLittle
10:51 Feudal Age
10:26 Loom
15:44 Castle Age
14:28 Double-Bit Axe
20:05 Gold Mining
21:59 Bloodlines
24:24 Scale Barding Armor
24:31 Horse Collar
28:44 Chain Barding Armor
31:05 Tusk Swords
32:24 Bow Saw
33:54 Town Watch
34:40 Redemption
35:34 Gold Shaft Mining
35:24 Chain Barding Armor
35:53 Wheelbarrow
36:36 Forging
36:53 Town Patrol
37:24 Heavy Plow
40:43 Imperial Age
40:30 Husbandry
41:50 Conscription
43:46 Plate Barding Armor
46:03 Iron Casting
46:07 Elite Skirmisher
50:25 Blast Furnace
50:16 Scale Mail Armor
51:17 Crop Rotation
50:10 Pikeman
50:40 Halberdier
54:15 Light Cavalry
57:42 Hand Cart
joaquinlopezlopez90
6:55 Loom
11:33 Feudal Age
15:58 Castle Age
13:53 Double-Bit Axe
16:43 Horse Collar
25:11 Bow Saw
24:55 Gold Mining
25:37 Bloodlines
25:59 Bloodlines
27:18 Forging
28:44 Scale Barding Armor
33:18 Iron Casting
35:37 Imperial Age
34:31 Husbandry
37:41 Blast Furnace
37:06 Chain Barding Armor
37:47 Blast Furnace
41:31 Cavalier
43:23 Plate Barding Armor
45:13 Savar
Connection lost

Rejoining the realm…

Still unreachable

The connection could not be restored.

Session expired

The server has moved on; the page needs a fresh start.